 Dungeon Crawl Stone Soup version 0.17-a0-157-g289cc6a (webtiles) character file.

277 Ngotmuk the Cudgeler (level 6, -5/55 HPs)
             Began as a Deep Dwarf Fighter on Mar 27, 2015.
             Slain by an ogre
             ... wielding a +0 giant club
              (28 damage)
             ... on level 4 of the Dungeon.
             The game lasted 00:05:39 (2433 turns).

Ngotmuk the Cudgeler (Deep Dwarf Fighter)           Turns: 2433, Time: 00:05:39

Health: -5/55      AC:  6    Str: 21    XL:     6   Next: 4%
Magic:  6/6        EV:  9    Int:  9    God:
Gold:   204        SH:  0    Dex: 12    Spells: 0 memorised, 5 levels left

rFire  . . .     SeeInvis .     a - +0 flail
rCold  . . .     Clarity  .     b - +0 scale mail
rNeg   + . .     SustAb   .     (no shield)
rPois  +         Gourm    .     (no helmet)
rElec  .         Spirit   .     (no cloak)
rCorr  .         Warding  .     (no gloves)
rMut   .         Stasis   .     (no boots)
MR     .....                    (no amulet)
Stlth  ..........               q - ring of poison resistance
                                c - ring of positive energy

@: non-regenerating, not resistant to hostile enchantments, extremely unstealthy
A: damage resistance, recharge devices, sense surroundings 1, slow healing 3
a: Device Recharging


You were on level 4 of the Dungeon.
You were not hungry.

You visited 1 branch of the dungeon, and saw 4 of its levels.

You collected 204 gold pieces.

Inventory:

Hand weapons
 a - a +0 flail (weapon)
Armour
 b - a +0 scale mail (worn)
Jewellery
 c - a ring of positive energy (left hand)
 q - a ring of poison resistance (right hand)
Magical devices
 d - a wand of heal wounds (2)
Scrolls
 g - 2 scrolls of amnesia {unknown}
 i - a scroll of remove curse {unknown}
 n - a scroll of random uselessness {unknown}
 p - 3 scrolls of magic mapping {unknown}
 s - 3 scrolls of identify {unknown}
 t - a scroll of recharging {unknown}
 v - a scroll of fog {unknown}
 w - a scroll of enchant weapon {unknown}
Potions
 e - 2 potions of might
 j - a potion of ambrosia {unknown}
 k - 4 potions of curing {unknown}
 l - 2 potions of haste {unknown}
 m - a potion of brilliance {unknown}
 o - a potion of magic {unknown}
 r - a potion of agility {unknown}
Comestibles
 f - 4 bread rations
 h - 2 meat rations
 u - 2 beef jerkies


   Skills:
 - Level 2.6 Fighting
 + Level 6.4 Maces & Flails
 - Level 3.2 Armour
   Level 3.2 Shields


You had 5 spell levels left.
You didn't know any spells.

Dungeon Overview and Level Annotations

Branches:
Dungeon (4/15)
 Temple: D:4-7

Altars:
Fedhas
Nemelex Xobeh
Qazlal


Innate Abilities, Weirdness & Mutations

You are resistant to damage.
You can recharge devices by infusing magical energy.
You passively map a small area around you.
You do not heal naturally.


Message History

You hit the giant frog skeleton!
You destroy the giant frog skeleton!
You have reached level 6!
Your experience leads to an increase in your attributes!
Increase (S)trength, (I)ntelligence, or (D)exterity?
You feel stronger.
You now have 204 gold pieces (gained 12).
f - 4 bread rations (gained 1)
You open the door.
An ogre comes into view. It is wielding a giant club.
An ogre is nearby!
Found 14 gold pieces.
There is an open door here.
You barely miss the ogre. The ogre barely misses you.
You hit the ogre but do no damage. The ogre hits you with a giant club.
You hit the ogre.
The ogre is lightly wounded.
The ogre hits you with a giant club!!
Ouch! That really hurt!
You die...

,, '., < , * #..
.... , ,>. , '..
..... .. ..
###...... .# * ..
##'##......# *#+#.
$..#...#......#
,#...
,...'...#......#
+... #...#......# ,
#... #..O@......#,
#... ,,#...#......+
,#.<. ,
##'##......# . #...
' #..
#......#,...*###+
,*#.,,+......#....#
, '. #......#....#*
* ,, .#
#...........#
#............#
#+###...#'#......+
,


You could see an ogre.

Vanquished Creatures
  An ogre (D:4)
  A giant frog skeleton (D:4)
  3 gnolls (D:2)
  5 adders
  A giant mite (D:2)
  A worm (D:4)
  2 adder skeletons (D:4)
  An ooze (D:3)
  5 giant cockroaches
  6 hobgoblins
  7 jackals
  9 kobolds
  2 quokkas (D:2)
  8 bats
  5 giant geckos
  5 giant newts
  8 goblins
  6 rats
76 creatures vanquished.

Notes
Turn   | Place    | Note
--------------------------------------------------------------
     0 | D:1      | Ngotmuk, the Deep Dwarf Fighter, began the quest for the Orb.
     0 | D:1      | Reached XP level 1. HP: 20/20 MP: 1/1
   201 | D:1      | Reached XP level 2. HP: 24/27 MP: 2/2
   725 | D:1      | Reached XP level 3. HP: 23/33 MP: 3/3
  1008 | D:2      | Reached skill level 4 in Maces & Flails
  1154 | D:2      | Reached XP level 4. HP: 14/40 MP: 4/4
  1192 | D:2      | Found a stormy altar of Qazlal.
  1666 | D:3      | Reached skill level 5 in Maces & Flails
  1894 | D:3      | Reached XP level 5. HP: 6/46 MP: 5/5
  2093 | D:3      | Found a sparkling altar of Nemelex Xobeh.
  2093 | D:3      | Noticed a hippogriff
  2350 | D:4      | Noticed an ogre
  2368 | D:4      | Killed an ogre
  2368 | D:4      | Reached skill level 6 in Maces & Flails
  2397 | D:4      | Found a blossoming altar of Fedhas.
  2419 | D:4      | Reached XP level 6. HP: 25/55 MP: 6/6
  2428 | D:4      | Noticed an ogre
  2433 | D:4      | Slain by an ogre

Action                   |  1- 3 |  4- 6 || total
-------------------------+-------+-------++-------
Melee: Flail             |   122 |   154 ||   276
Evoke: Wand              |       |     3 ||     3
  Eat: Royal jelly       |     1 |       ||     1
       Meat ration       |       |     1 ||     1
